AoeStats
← bone app the teeth

African Clearing

505150415Analyzed
3v3 RM · 25d ago on Sep 8, 2026· 54m 28s· 6 players
Game mode
Random Map
Map size
Normal (6 player)
Population
200
Speed
Normal
Resources
Standard
Victory
Conquest
Starting age
Dark Age
Ending age
Imperial Age
RankedLock teamsTeams togetherTeam positionsShared explorationLock speedFull tech treeHidden civsTurbo modeCheats
Victory
Defeat
🇺🇸 Ethiopians · United States
1022
+13
🇺🇸 Huns · United States
1016
+13
🇺🇸 Inca · United States
976
+14
🇺🇾 Tatars · Uruguay
963
-14
🇦🇷 Mongols · Argentina
951
-14
🇺🇾 Magyars · Uruguay
918
-12
Aluerad
6:00 Loom
15:03 Feudal Age
17:06 Double-Bit Axe
17:31 Horse Collar
24:03 Castle Age
23:05 Bloodlines
23:15 Forging
23:27 Scale Barding Armor
23:36 Gold Mining
26:39 Husbandry
28:43 Stone Mining
30:29 Wheelbarrow
31:13 Chain Barding Armor
32:16 Iron Casting
32:29 Hand Cart
33:10 Bow Saw
33:03 Heavy Plow
34:30 Marauders
34:30 Town Watch
38:00 Imperial Age
37:42 Gold Shaft Mining
37:30 Light Cavalry
38:13 Fletching
39:25 Conscription
39:04 Elite Tarkan
40:51 Blast Furnace
40:48 Plate Barding Armor
40:09 Cavalier
44:22 Paladin
45:00 Bodkin Arrow
49:06 Hussar
53:13 Two-Man Saw
bone app the teeth
5:31 Loom
14:53 Feudal Age
15:24 Double-Bit Axe
15:23 Horse Collar
20:07 Castle Age
18:04 Gold Mining
19:37 Fletching
19:48 Padded Archer Armor
21:24 Bow Saw
20:43 Crossbowman
21:52 Bodkin Arrow
23:16 Heavy Plow
25:56 Thumb Ring
30:12 Wheelbarrow
31:52 Elite Skirmisher
35:16 Ballistics
35:18 Stone Mining
36:30 Leather Archer Armor
37:58 Hand Cart
37:28 Town Watch
43:49 Imperial Age
42:03 Masonry
42:23 Scale Mail Armor
43:06 Squires
42:52 Arson
43:23 Chain Mail Armor
43:22 Forging
44:21 Scale Barding Armor
45:32 Two-Man Saw
45:13 Ring Archer Armor
45:19 Bracer
47:16 Chemistry
46:50 Arbalester
48:13 Iron Casting
47:47 Capped Ram
50:24 Siege Engineers
51:03 Halberdier
52:39 Plate Mail Armor
52:39 Siege Ram
Onea Usix
5:22 Loom
15:00 Feudal Age
16:35 Double-Bit Axe
16:31 Horse Collar
18:43 Champi Runner
24:55 Wheelbarrow
26:52 Gold Mining
27:28 Scale Mail Armor
27:39 Forging
33:21 Castle Age
36:23 Fletching
36:40 Padded Archer Armor
37:23 Bodkin Arrow
42:05 Elite Skirmisher
43:38 Bow Saw
43:44 Heavy Plow
45:32 Gold Shaft Mining
45:17 Thumb Ring
46:16 Andean Sling
47:41 Hand Cart
50:54 Imperial Age
50:15 Leather Archer Armor
52:51 Ring Archer Armor
52:21 Bracer
52:56 Elite Kamayuk
53:58 Conscription
54:47 Chemistry
54:08 Ballistics
53:48 Murder Holes
P90
8:10 Loom
14:20 Feudal Age
14:55 Double-Bit Axe
15:19 Horse Collar
15:15 Man-at-Arms
24:09 Castle Age
22:34 Fletching
23:03 Padded Archer Armor
24:13 Elite Skirmisher
29:16 Bow Saw
33:10 Heavy Plow
33:11 Gold Mining
36:26 Bodkin Arrow
37:59 Wheelbarrow
37:49 Ballistics
43:58 Imperial Age
41:54 Forging
43:29 Leather Archer Armor
44:09 Heavy Cavalry Archer
46:24 Scale Barding Armor
48:04 Chemistry
47:47 Conscription
48:14 Bracer
48:58 Crop Rotation
49:18 Gold Shaft Mining
49:35 Hand Cart
50:21 Pikeman
51:37 Iron Casting
51:12 Halberdier
Legonas
15:38 Feudal Age
13:54 Loom
16:05 Town Watch
16:56 Wheelbarrow
16:17 Double-Bit Axe
18:29 Gold Mining
23:26 Horse Collar
27:23 Castle Age
28:17 Padded Archer Armor
28:08 Fletching
28:44 Thumb Ring
29:42 Bow Saw
30:13 Heavy Plow
32:28 Leather Archer Armor
32:09 Bodkin Arrow
35:29 Ballistics
35:05 Murder Holes
37:05 Hand Cart
36:51 Town Patrol
38:13 Elite Skirmisher
42:52 Pikeman
46:30 Imperial Age
46:03 Stone Mining
51:06 Scale Mail Armor
Sairum
7:53 Loom
11:27 Loom
13:50 Feudal Age
16:03 Double-Bit Axe
16:03 Horse Collar
20:12 Castle Age
21:12 Wheelbarrow
20:23 Town Watch
21:15 Bow Saw
24:25 Fletching
24:36 Padded Archer Armor
25:32 Heavy Plow
28:55 Gold Mining
29:19 Husbandry
31:32 Ballistics
32:13 Bloodlines
32:01 Bodkin Arrow
32:22 Leather Archer Armor
33:10 Thumb Ring
35:10 Stone Mining
42:31 Imperial Age
40:18 Hand Cart
39:49 Town Watch
42:38 Elite Mangudai
43:34 Bracer
44:37 Chemistry
46:26 Pikeman
47:07 Squires
47:20 Forging
47:10 Scale Mail Armor
Connection lost

Rejoining the realm…

Still unreachable

The connection could not be restored.

Session expired

The server has moved on; the page needs a fresh start.